 Dungeon Crawl Stone Soup version 0.25-a0-246-g58704a1ebd (webtiles) character file.

Game seed: 12619066073295706619, levelgen mode: classic

65 Borgoz the Shield-Bearer (level 4, 0/31 HPs)
             Began as a Halfling Fighter on Dec 4, 2019.
             Killed by divine providence
             ... invoked by an orc priest
              (13 damage)
             ... on level 3 of the Dungeon.
             The game lasted 00:01:31 (678 turns).

Borgoz the Shield-Bearer (Halfling Fighter)          Turns: 678, Time: 00:01:32

Health: 0/31       AC:  7    Str: 18    XL:     4   Next: 35%
Magic:  4/4        EV:  9    Int:  6    God:
Gold:   78         SH:  9    Dex: 13    Spells: 3/3 levels left

rFire    . . .     SeeInvis .   a - +0 rapier
rCold    + . .     Gourm    .   c - +0 shield
rNeg     . . .     Faith    .   b - +0 scale mail
rPois    .         Spirit   .   (no helmet)
rElec    .         Reflect  .   (no cloak)
rCorr    .         Harm     .   (no gloves)
MR       .....                  (no boots)
Stlth    ..........             (no amulet)
HPRegen  0.10/turn              h - ring of protection from cold
MPRegen  0.09/turn              (no ring)

@: no status effects
A: small, mutation resistance 1
a: no special abilities


You were on level 3 of the Dungeon.
You were not hungry.

You visited 1 branch of the dungeon, and saw 3 of its levels.

You collected 78 gold pieces.

Inventory:

Hand Weapons
 a - a +0 rapier (weapon)
Armour
 b - a +0 scale mail (worn)
 c - a +0 shield (worn)
Jewellery
 h - a ring of protection from cold (left hand)
Scrolls
 i - 2 scrolls of remove curse
 k - a scroll of identify {unknown}
 l - a scroll of teleportation {unknown}
Potions
 d - a potion of might
 e - 2 potions of curing {unknown}
 g - 3 potions of lignification {unknown}
 m - a potion of heal wounds {unknown}
Comestibles
 f - a ration
 j - 6 chunks of flesh


   Skills:
 * Level 3.4 Fighting
 + Level 3.1 Short Blades
 + Level 3.7 Armour
 + Level 3.8 Shields


You had 3 spell levels left.
You didn't know any spells.
Your spell library was empty.

Dungeon Overview and Level Annotations

Branches:
Dungeon (3/15)

Altars:
Elyvilon


Innate Abilities, Weirdness & Mutations

You are small and have problems with some larger weapons.
You are somewhat resistant to further mutation.


Message History

The orc completely misses you.
You hit the orc but do no damage.
A gnoll comes into view.
A rat comes into view.
The orc closely misses you.
You hit the orc but do no damage. The rat bites you but does no damage.
The orc barely misses you.
You hit the orc.
The orc is severely wounded.
You block the rat's attack. You block the orc's attack.
The gnoll hits you from afar with a +0 halberd.
An orc wizard comes into view. It is wielding a +0 dagger.
The orc wizard shouts!
You puncture the orc!
You kill the orc!
The rat closely misses you. You block the hobgoblin's attack.
Your shield and scale mail prevent you from hitting the rat.
The gnoll hits you from afar with a +0 halberd!
The orc priest mumbles some strange prayers to Beogh against you.
Beogh smites you!
You die...

.. #.# #..
######.###
........<#
######.##
#..# ##.#
#@#
#rg.r....
##og.....
..#####
..g #>..
.... .....


You could see an orc priest, 2 gnolls, a hobgoblin and 2 rats.

Vanquished Creatures
  A worker ant (D:3)
  An adder (D:2)
  An ooze (D:1)
  A worm (D:2)
  A dart slug (D:1)
  An orc (D:3)
  2 giant cockroaches (D:2)
  3 goblins (D:1)
  4 hobgoblins
  4 kobolds (D:1)
  2 frilled lizards
  2 rats (D:1)
23 creatures vanquished.

Notes
Turn   | Place    | Note
-------+----------+-------------------------------------------
     0 | D:1      | Borgoz the Halfling Fighter began the quest for the Orb.
     0 | D:1      | Reached XP level 1. HP: 15/15 MP: 1/1
    82 | D:1      | Reached XP level 2. HP: 12/20 MP: 2/2
   358 | D:1      | Reached XP level 3. HP: 24/26 MP: 3/3
   600 | D:2      | Found a white marble altar of Elyvilon.
   633 | D:3      | Reached XP level 4. HP: 23/31 MP: 4/4
   678 | D:3      | Killed from afar by an orc priest

Levels and vault maps discovered:
D:1:      mrwooster_arrival_arrow, layout_rooms, kennysheep_another_room
D:2:      layout_basic, overflow_temple_1_default
D:3:      layout_basic, chequers_ecumenical_altar_simple,
          chequers_serial_rivers_marsh

Skill      XL: |  1  2  3 |
---------------+----------+-----
Fighting       | 3 |  3.4
Short Blades   | 3 |  3.1
Armour         | |  3.7
Shields        | |  3.8

Action                   |  1- 3 |  4- 6 || total
-------------------------+-------+-------++-------
Melee: Rapier            |    92 |     6 ||    98
  Use: Scroll            |     1 |       ||     1
Armor: Scale mail        |    17 |     2 ||    19
Dodge: Dodged            |    24 |     4 ||    28
Block: Shield            |    48 |     3 ||    51

Table legend:
 A = Non-vault XP
 B = Vault XP
 C = Vault XP percentage of total XP
 D = Non-vault monster count
 E = Vault monster count
 F = Vault count percentage of total count
                 A         B        C        D         E       F
            +---------+---------+-------+---------+---------+-------
      Total |      94 |       0 |   0.0 |      23 |       0 |   0.0
            +---------+---------+-------+---------+---------+-------
        D:1 |      34 |       0 |   0.0 |      15 |       0 |   0.0
        D:2 |      25 |       0 |   0.0 |       6 |       0 |   0.0
        D:3 |      35 |       0 |   0.0 |       2 |       0 |   0.0
            +---------+---------+-------+---------+---------+-------
